 Dungeon Crawl Stone Soup version 0.26-a0-1026-g544776af23 (webtiles) character file.

Game seed: 16034086421225307532

18571 sideus8 the Eclecticist (level 12, -7/60 HPs)
             Began as a Deep Elf Air Elementalist on Nov 12, 2020.
             Was an Elder of Sif Muna.
             Killed from afar by a wizard (47 damage)
             ... with a crystal spear
             ... in a volcano on Dec 10, 2020.
             The game lasted 01:00:33 (19554 turns).

sideus8 the Eclecticist (DEAE)                     Turns: 19554, Time: 01:00:33

Health: -7/60      AC:  7    Str:  3 (5)  XL:     12   Next: 28%
Magic:  4/30       EV: 14    Int: 25 (26) God:    Sif Muna [****..]
Gold:   832        SH:  0    Dex: 17      Spells: 24/42 levels left

rFire    . . .     SeeInvis .   z - staff of poison
rCold    . . .     Faith    .   (no shield)
rNeg     . . .     Spirit   .   S - +0 troll leather armour
rPois    +         Reflect  .   (no helmet)
rElec    .         Harm     .   (no cloak)
rCorr    .         Rampage  .   i - +1 pair of gloves
Will     +....                  r - +0 pair of boots
Stlth    +++++.....             (no amulet)
HPRegen  0.00/turn              s - ring of stealth
MPRegen  0.22/turn              (no ring)

@: no status effects
A: repulsion field 1, thin skeletal structure 1, deterioration 1, low mp 1,
poison resistance, inhibited regeneration
a: Channel Magic, Forget Spell, Divine Exegesis, Renounce Religion


You were in a volcano.
You worshipped Sif Muna.
Sif Muna was greatly pleased with you.
You visited 2 branches of the dungeon, and saw 14 of its levels.
You also visited: Sewer and Volcano.

You collected 832 gold pieces.

Inventory:

Hand Weapons
 b - a +1 whip of electrocution
 y - a +0 vampiric dagger
Missiles
 I - 14 atropa-tipped darts
Armour
 a - a +0 robe
 i - a +1 pair of gloves (worn)
 j - a +0 helmet
 k - a +0 ring mail
 m - a +0 helmet
 r - a +0 pair of boots (worn)
 O - a +1 robe of positive energy
 S - a +0 troll leather armour (worn)
Magical Staves
 t - an uncursed staff of earth
 z - an uncursed staff of poison (weapon)
Jewellery
 s - a ring of stealth (left hand)
 x - an uncursed ring of flight
 U - an uncursed ring of protection from cold {unknown}
Wands
 q - a wand of disintegration (24)
 G - a wand of acid (7)
 J - a wand of enslavement (10)
 P - a wand of paralysis (6)
 Q - a wand of digging (1)
 R - a wand of iceblast (10)
 T - a wand of flame (16)
Scrolls
 d - a scroll of blinking {unknown}
 e - 7 scrolls of enchant weapon
 g - 4 scrolls of amnesia
 h - 2 scrolls of teleportation
 l - 2 scrolls of fog
 o - 3 scrolls of immolation
 p - a scroll of noise
 v - 6 scrolls of remove curse
 A - a scroll of enchant armour
 C - a scroll of identify
 D - a scroll of fear
 K - a scroll of magic mapping
 L - 3 scrolls of silence
Potions
 c - 3 potions of brilliance
 f - 7 potions of curing
 n - a potion of degeneration
 u - 2 potions of magic
 w - 4 potions of flight
 B - 2 potions of attraction
 E - 2 potions of ambrosia
 F - 4 potions of haste
 H - 3 potions of lignification
 M - a potion of berserk rage


   Skills:
 + Level 1.0 Fighting
 + Level 2.0 Armour
 + Level 3.1 Dodging
 + Level 4.5 Stealth
 + Level 15.8 Spellcasting
 + Level 5.5 Conjurations
 * Level 5.2 Ice Magic
 + Level 12.1 Air Magic
 * Level 7.1 Invocations


You had 24 spell levels left.
You knew the following spells:

 Your Spells              Type           Power        Failure   Level
a - Shock                 Conj/Air       ####         1%          1
b - Swiftness             Air            ######..     1%          2
c - Lightning Bolt        Conj/Air       ######....   3%          5
d - Airstrike             Air            ######....   1%          4
e - Freeze                Ice            ####         1%          1
f - Metabolic Englaciati  Hex/Ice        ####......   45%         5

Your spell library contained the following spells:

 Spells                   Type           Power        Failure   Level
 Static Discharge         Conj/Air       ######..     1%          3
 Apportation              Tloc           ###...       5%          1
 Beastly Appendage        Tmut           ###...       5%          1
 Wereblood                Tmut           ###.....     8%          2
 Confusing Touch          Hex            ###.....     16%         3
 Gell's Gravitas          Tloc           ###.......   16%         3
 Lesser Beckoning         Tloc           ###.......   16%         3
 Spider Form              Tmut/Pois      ####......   16%         3
 Tukima's Dance           Hex            ###.....     16%         3
 Ice Form                 Ice/Tmut       ####....     19%         4
 Petrify                  Tmut/Erth      ###.....     45%         4
 Alistair's Intoxication  Tmut/Pois      ####.....    82%         5
 Blade Hands              Tmut           ###.......   82%         5
 Yara's Violent Unravell  Hex/Tmut       ###.......   82%         5
 Invisibility             Hex            ###.....     100%        6
 Chain Lightning          Conj/Air       ######....   100%        8
 Lehudib's Crystal Spear  Conj/Erth      ####......   100%        8
 Absolute Zero            Ice            #####.....   100%        9
 Fire Storm               Conj/Fire      ####......   100%        9


Dungeon Overview and Level Annotations

Branches:
Dungeon (12/15)            Temple (0/1) D:7            Lair (2/6) D:11
    Orc (0/2) D:11          Sewer (visited)         Volcano (1/1)
  Swamp: Lair:2-4    Shoals: Lair:2-4     Snake: Lair:2-4    Spider: Lair:2-4

Altars:
Ashenzari
Gozag
Makhleb
Sif Muna
Trog
Vehumet
Xom
Yredelemnul
Beogh

Shops:
D:4 [   D:7 }   D:10 *

Annotations:
D:12 exclusion: orange crystal statue


Innate Abilities, Weirdness & Mutations

You are surrounded by a mild repulsion field. (EV +2)
You have a somewhat thin skeletal structure. (Dex +2, Stealth)
Your body sometimes deteriorates upon taking damage.
Your magical capacity is low. (-10% MP)
Your system is resistant to poisons. (rPois)
You do not regenerate when monsters are visible.


Message History

You kill the wizard!
Sif Muna accepts your kill.
You feel your intelligence returning.
Casting: Airstrike (safe; 1% risk of failure)
Confirm with . or Enter, or press ? or * to list all spells.
Aiming: Airstrike (safe; 1% risk of failure)
Press: ? - help, Dir - move target, f - wizard
Aim: a wizard, wielding a +2 mace of flaming and wearing a +1 robe of fire resistance The air twists around and strikes the wizard!
The wizard is moderately wounded.
The wizard's eyes start to glow.
The wizard casts a spell.
The wizard seems to speed up.
There is an open door here.
There is an open door here.
The wizard says, "Argatax netranoch dertex."
The wizard gestures at you while chanting.
The crystal spear hits you!!!
Ouch! That really hurt!
You die...

≈≈≈≈§≈≈ ####### #.....#
#..)..# #.....#
################'###
#......#...#.#)....#
.+.###p#'#####'#.'.∩.∩.#
.#..)..@.........#.....#
≈#######################
≈≈§§≈§§≈≈≈≈≈§≈≈○≈≈○§
≈§≈≈§§§§§≈≈≈§≈≈≈≈°§§°§
§≈≈≈###§§##≈≈§§§§§§≈≈°○§
§≈## ######≈§§§≈§§§≈≈≈≈
# ###≈≈≈≈≈°§≈##
##≈≈≈≈≈###


You could see a wizard (fast).

Vanquished Creatures
  Harold (D:10)
  A two-headed ogre (D:7)
  An unseen horror (D:11)
  4 wizards (Volcano)
  A wolf spider zombie (D:12)
  3 ugly things
  A deep elf mage (D:12)
  2 toenail golems (Volcano)
  A cyclops (D:12)
  A cane toad (Lair:1)
  4 trolls
  2 hornets
  8 yaks
  2 wraiths
  A shadow (D:11)
  4 basilisks
  Grum (D:11)
  A steam dragon (D:8)
  2 wargs (D:11)
  An acid dragon (D:11)
  2 water moccasins
  2 sky beasts
  A phantom (D:6)
  2 black bears
  4 ice beasts
  9 orc warriors
  3 necrophages
  10 ogres
  3 centaurs
  4 wolves (D:11)
  5 big kobolds
  10 bullfrogs
  A wyvern zombie (D:11)
  A water moccasin zombie (D:7)
  2 scorpions
  8 wights
  14 killer bees
  4 howler monkeys
  A crimson imp (D:5)
  2 centaur zombies
  4 jellies
  A quasit (D:10)
  5 orc priests
  4 hounds
  4 bullfrog skeletons
  12 orc wizards
  7 iguanas
  2 hell rats (Lair:1)
  9 worker ants
  A hound zombie (D:5)
  A howler monkey zombie (D:8)
  A worker ant zombie (D:11)
  4 gnolls (D:9)
  9 adders
  2 howler monkey skeletons
  10 river rats (Lair:1)
  3 shadow imps
  An ufetubus (D:5)
  An ooze (D:4)
  2 adder zombies (D:7)
  5 dart slugs
  8 leopard geckos
  44 orcs
  6 bats
  5 giant cockroaches
  7 goblins
  8 hobgoblins
  7 jackals
  8 quokkas
  9 frilled lizards
  A jackal skeleton (D:4)
  31 kobolds
  A leopard gecko skeleton (D:4)
  A leopard gecko zombie (D:7)
  2 quokka skeletons
  10 rats
366 creatures vanquished.

Vanquished Creatures (others)
  A fungus (Lair:1)
  A plant (Lair:1)
2 creatures vanquished.

Grand Total: 368 creatures vanquished

Notes
Turn   | Place    | Note
-------+----------+-------------------------------------------
     0 | D:1      | sideus8 the Deep Elf Air Elementalist began the quest for
                  | the Orb.
     0 | D:1      | Reached XP level 1. HP: 10/10 MP: 6/6
   242 | D:1      | Reached XP level 2. HP: 15/15 MP: 1/8
   775 | D:1      | Reached XP level 3. HP: 19/19 MP: 4/9
   839 | D:1      | Learned a level 2 spell: Swiftness
   843 | D:1      | Learned a level 3 spell: Static Discharge
  1630 | D:2      | Found a faded altar of an unknown god.
  1669 | D:2      | Reached XP level 4. HP: 24/24 MP: 9/11
  2135 | D:3      | Found a radiant altar of Vehumet.
  2141 | D:3      | Became a worshipper of Vehumet
  2935 | D:4      | Noticed an ogre
  3096 | D:4      | Found a glowing drain.
  3100 | Sewer    | Entered a sewer
  3102 | Sewer    | Reached skill level 4 in Spellcasting
  3108 | Sewer    | Learned a level 4 spell: Airstrike
  3171 | Sewer    | Noticed a big kobold
  3177 | Sewer    | Reached * piety under Vehumet
  3177 | Sewer    | Offered knowledge of Freeze by Vehumet.
  3191 | Sewer    | Killed a big kobold
  3191 | Sewer    | Reached XP level 5. HP: 13/28 MP: 0/14
  3459 | Sewer    | Found a white marble altar of Elyvilon.
  3621 | D:4      | Found Jiuvep's Antique Armour Shop.
  3635 | D:4      | Reached skill level 5 in Spellcasting
  3654 | D:4      | Learned a level 5 spell: Lightning Bolt
  3712 | D:4      | Reached XP level 6. HP: 32/32 MP: 4/16
  3818 | D:4      | Upgraded the game from 0.26-a0-810-ge1a9524b62 to
                  | 0.26-a0-1026-g544776af23
  3916 | D:4      | Learned a level 1 spell: Freeze
  4355 | D:5      | Entered Level 5 of the Dungeon
  4718 | D:5      | Reached skill level 6 in Spellcasting
  4874 | D:5      | Found a basalt altar of Yredelemnul.
  4874 | D:5      | Found a broken altar of Ashenzari.
  4881 | D:5      | Found a shimmering blue altar of Sif Muna.
  4883 | D:5      | Found a faded altar of an unknown god.
  4885 | D:5      | Found a bloodstained altar of Trog.
  4889 | D:5      | Fell from the grace of Vehumet
  4889 | D:5      | Became a worshipper of Sif Muna the Loreminder
  4965 | D:5      | Found a burning altar of Makhleb.
  4965 | D:5      | Found a shimmering altar of Xom.
  5047 | D:5      | Reached XP level 7. HP: 36/36 MP: 6/18
  5133 | D:5      | Reached skill level 5 in Air Magic
  5855 | D:6      | Reached skill level 7 in Spellcasting
  7072 | D:7      | Reached skill level 8 in Spellcasting
  7072 | D:7      | Reached XP level 8. HP: 40/42 MP: 8/22
  7484 | D:7      | Noticed a two-headed ogre
  7488 | D:7      | Killed a two-headed ogre
  7489 | D:7      | Reached skill level 9 in Spellcasting
  7514 | D:7      | Reached skill level 10 in Spellcasting
  7533 | D:7      | Reached XP level 9. HP: 45/46 MP: 0/25
  7741 | D:7      | Reached * piety under Sif Muna
  8171 | D:7      | Found a staircase to the Ecumenical Temple.
  8508 | D:7      | Found Cicoladu's Gadget Boutique.
  8546 | D:7      | Reached skill level 11 in Spellcasting
  8548 | D:7      | Reached skill level 1 in Invocations
  8695 | D:7      | Gained mutation: You are surrounded by a mild repulsion
                  | field. (EV +2) [potion of mutation]
  8695 | D:7      | Gained mutation: You are strong-willed. (Will+) [potion of
                  | mutation]
  8696 | D:7      | HP: 2/46 [burnt (6)]
  9575 | D:8      | Found an opulent altar of Gozag.
  9954 | D:8      | Reached ** piety under Sif Muna
  9967 | D:8      | Was forgiven by Vehumet
  9981 | D:8      | Reached skill level 5 in Conjurations
 10397 | D:8      | Reached XP level 10. HP: 51/51 MP: 17/27
 10501 | D:8      | Reached skill level 12 in Spellcasting
 11668 | D:9      | Reached skill level 10 in Air Magic
 11910 | D:9      | Reached *** piety under Sif Muna
 12069 | D:9      | Reached skill level 13 in Spellcasting
 12936 | D:10     | Entered Level 10 of the Dungeon
 13565 | D:10     | Identified a scroll of acquirement
 13565 | D:10     | Acquired a book of Annihilations
 13593 | D:10     | Reached skill level 5 in Invocations
 13599 | D:10     | Learned a level 5 spell: Metabolic Englaciation
 13728 | D:10     | Noticed Harold
 13734 | D:10     | Killed Harold
 13735 | D:10     | Reached skill level 1 in Ice Magic
 13869 | D:10     | Noticed a brown ugly thing
 14087 | D:10     | Killed a brown ugly thing
 14088 | D:10     | Reached XP level 11. HP: 45/55 MP: 2/30
 14382 | D:10     | Found Moellos's General Store.
 14666 | D:11     | Reached **** piety under Sif Muna
 14669 | D:11     | Reached skill level 14 in Spellcasting
 14811 | D:11     | Killed an unseen horror
 15234 | D:11     | Found a staircase to the Lair.
 15235 | D:11     | Noticed Grum
 15860 | D:11     | Reached skill level 1 in Armour
 16038 | D:11     | Killed Grum
 16346 | D:11     | Noticed a green ugly thing
 16384 | D:11     | Found a roughly hewn altar of Beogh.
 16387 | D:11     | Reached ***** piety under Sif Muna
 16387 | D:11     | Received a gift from Sif Muna
 16468 | D:11     | Noticed a white ugly thing
 16545 | D:11     | Killed a green ugly thing
 16550 | D:11     | Killed a green ugly thing
 16551 | D:11     | Reached skill level 1 in Fighting
 16927 | D:11     | Found a staircase to the Orcish Mines.
 17091 | D:12     | Reached skill level 15 in Spellcasting
 17152 | D:12     | Noticed a deep elf mage
 17313 | D:12     | Killed a deep elf mage
 17995 | D:12     | Found a runed translucent door.
 17996 | D:12     | Noticed an orange crystal statue
 18039 | D:12     | Noticed a crystal guardian
 18039 | D:12     | Noticed a crystal guardian
 18150 | Lair:1   | Entered Level 1 of the Lair of Beasts
 18294 | Lair:1   | Reached XP level 12. HP: 60/60 MP: 9/33
 18439 | Lair:1   | Lost mutation: You are strong-willed. (Will+) [potion of
                  | mutation]
 18439 | Lair:1   | Gained mutation: You have large cloven feet. [potion of
                  | mutation]
 18439 | Lair:1   | Gained mutation: Scrolls take you a little longer to read.
                  | [potion of mutation]
 18439 | Lair:1   | Gained mutation: You have a pair of small horns on your
                  | head. [potion of mutation]
 18440 | Lair:1   | Lost mutation: You have large cloven feet. [potion of
                  | mutation]
 18440 | Lair:1   | Lost mutation: Scrolls take you a little longer to read.
                  | [potion of mutation]
 18440 | Lair:1   | Gained mutation: Potions are less effective at restoring
                  | your health. [potion of mutation]
 18440 | Lair:1   | Gained mutation: Your spells are a little easier to cast,
                  | but a little less powerful. [potion of mutation]
 18440 | Lair:1   | Gained mutation: Your flesh is cold resistant. (rC+)
                  | [potion of mutation]
 18441 | Lair:1   | Lost mutation: You have a pair of small horns on your head.
                  | [potion of mutation]
 18441 | Lair:1   | Lost mutation: Your flesh is cold resistant. (rC+) [potion
                  | of mutation]
 18441 | Lair:1   | Gained mutation: Your flesh is cold resistant. (rC+)
                  | [potion of mutation]
 18441 | Lair:1   | Gained mutation: You do not regenerate when monsters are
                  | visible. [potion of mutation]
 18441 | Lair:1   | Gained mutation: You expend magic power (3 MP) to
                  | strengthen your wands. [potion of mutation]
 18442 | Lair:1   | Lost mutation: Potions are less effective at restoring your
                  | health. [potion of mutation]
 18442 | Lair:1   | Lost mutation: Your spells are a little easier to cast, but
                  | a little less powerful. [potion of mutation]
 18442 | Lair:1   | Gained mutation: Your system is resistant to poisons.
                  | (rPois) [potion of mutation]
 18442 | Lair:1   | Gained mutation: You are dopey. (Int -2) [potion of
                  | mutation]
 18442 | Lair:1   | Gained mutation: Your magical capacity is low. (-10% MP)
                  | [potion of mutation]
 18442 | Lair:1   | Lost mutation: You are dopey. (Int -2) [potion of mutation]
 18443 | Lair:1   | Lost mutation: You expend magic power (3 MP) to strengthen
                  | your wands. [potion of mutation]
 18443 | Lair:1   | Lost mutation: Your flesh is cold resistant. (rC+) [potion
                  | of mutation]
 18443 | Lair:1   | Gained mutation: Your body sometimes deteriorates upon
                  | taking damage. [potion of mutation]
 18443 | Lair:1   | Gained mutation: You have a somewhat thin skeletal
                  | structure. (Dex +2, Stealth) [potion of mutation]
 19493 | Lair:2   | Found a dark tunnel.
 19503 | Volcano  | Entered a volcano
 19547 | Volcano  | Reached skill level 5 in Ice Magic
 19554 | Volcano  | Killed from afar by a wizard

Illustrated notes

Levels and vault maps discovered:
D:1:      dpeg_arrival_yet_another_circle, layout_rooms, serial_corexii_hall,
          corexii_hall_statues_deadend, corexii_hall_statues_x
D:2:      minmay_door_path, layout_basic, chequers_ecumenical_altar_twisty,
          minmay_quantized
D:3:      layout_loops_cross, vehumet_crystals, solitary_fountain
D:4:      layout_basic, serial_shops, shop, gup_sewer_entry_bowl,
          roderic_serpentine_path
D:5:      layout_layer_cave, grunt_temple_overflow_champion_of_chaos,
          chequers_temple_overflow_minitemple
D:6:      layout_basic
D:7:      layout_rooms, minmay_temple_entry_drinking_statues, serial_shops, shop
D:8:      kennysheep_six_static_rooms, layout_basic, lemuel_altar_in_water
D:9:      layout_basic
D:10:     layout_long_grid, serial_shops, kennysheep_little_box, st_stairs_4,
          minmay_between, uniq_harold
D:11:     layout_long_grid, erik_lair_orcish_takeover, orc_0_dummy, special_room
          [special_room_orc], chequers_mini_garden, uniq_grum
D:12:     layout_irregular_city, minmay_crystal_box
Lair:1:   layout_hall_layers, eino_small_chamber_without_monster,
          kennysheep_rathole, serial_bayou_shore_a, infiniplex_staircase_pool_2
Lair:2:   layout_long_grid, portal_ice_cave_entry_pillars_2,
          nicolae_volcano_entry_lava_flow, grunt_megastairs_4
Volcano:  volcano_bunker

Skill      XL: |  1  2  3  4  5  6  7  8  9 10 11 12 |
---------------+-------------------------------------+-----
Conjurations   | 2 3 4 5 |  5.5
Air Magic      | 4 6 7 9 10 11 12 | 12.1
Spellcasting   | 4 5 6 8 10 11 13 15 | 15.8
Stealth        | 3 4 |  4.5
Dodging        | 3 |  3.1
Invocations    | 3 5 6 7 |  7.1
Ice Magic      | 1 4 5 |  5.2
Armour         | 1 2 |  2.0
Fighting       | 1 |  1.0

Action                   |  1- 3 |  4- 6 |  7- 9 | 10-12 || total
-------------------------+-------+-------+-------+-------++-------
Melee: Staff             |       |       |       |     4 ||     4
 Cast: Shock             |    75 |   158 |    66 |    78 ||   377
       Swiftness         |       |     2 |     1 |     2 ||     5
       Airstrike         |       |     2 |   101 |   277 ||   380
       Lightning Bolt    |       |       |       |    29 ||    29
Invok: Channel Magic     |       |       |       |     5 ||     5
  Use: Scroll            |       |     7 |     2 |    17 ||    26
       Potion            |       |       |     6 |     9 ||    15
Armor: Robe              |     1 |     5 |    11 |     1 ||    18
       Troll leather arm |       |       |       |    28 ||    28
Dodge: Dodged            |     8 |    31 |    33 |    54 ||   126

Table legend: (Time is in decaauts)
 A = Elapsed time spent in this place.
 B = Non-inter-level travel time spent in this place.
 C = Inter-level travel time spent in this place.
 D = Time resting spent in this place.
 E = Time spent auto-exploring this place.
 F = Levels seen in this place.
 G = Mean time per level.
                   A        B        C        D        E       F      G
               +--------+--------+--------+--------+--------+-----+--------+
         Total |  19630 |  19630 |      0 |   6085 |   9842 |  16 | 1226.9 |
       Dungeon |  17769 |  17769 |      0 |   5735 |   8795 |  12 | 1480.8 |
          Lair |   1367 |   1367 |      0 |    350 |    784 |   2 |  683.5 |
         Sewer |    442 |    442 |      0 |      0 |    262 |   1 |  442.0 |
       Volcano |     50 |     50 |      0 |      0 |      0 |   1 |   50.0 |
               +--------+--------+--------+--------+--------+-----+--------+

Top non-repeatable levels by time:
    D:11: 2299 daAuts
     D:7: 1989 daAuts
     D:9: 1982 daAuts
    D:10: 1958 daAuts
     D:8: 1894 daAuts
     D:5: 1483 daAuts
  Lair:1: 1354 daAuts
     D:6: 1214 daAuts
     D:4: 1023 daAuts
     D:1: 1023 daAuts
     D:3: 991 daAuts
    D:12: 989 daAuts
     D:2: 919 daAuts
   Sewer: 442 daAuts
 Volcano: 50 daAuts
